Map: Whirlwind LE

Players

Loken - Winner!

  • Race: Terran Terran
  • League: Platinum
  • Spawn Location: 1:00

TimeTwist

  • Race: Terran Terran
  • Spawn Location: 11:00

VOD

Have the link to the VOD?

Description

Time

  • Played on: March 13, 2017, 5:32 p.m.
  • Length: 13:30
Show
View Real Time Build Order
Export as new Build Order

Loken Terran - Winner!

Build Orders:  

Get SALT Encoding   

  12  0:02  SCV  
  13  0:14  SCV  
  14  0:18  Supply Depot  
  14  0:26  SCV  
  15  0:42  Barracks  
  15  0:45  SCV  
  16  0:52  Refinery  
  16  0:57  SCV  
  17  1:09  SCV  
  18  1:21  SCV  
  18  1:24  Supply Depot  
  19  1:33  SCV  
  20  1:40  Reaper  
  21  1:47  Command Center  
  21  1:49  SCV  
  22  1:54  Refinery  
  23  2:01  SCV  
  23  2:12  Barracks Tech Lab  
  23  2:13  SCV  
  24  2:26  Factory, SCV  
  25  2:37  Marauder  
  25  2:38  SCV  
  28  2:51  Orbital Command  
  28  2:56  Supply Depot  
  28  2:59  Marine  
  29  3:14  Starport  
  29  3:24  Siege Tank  
  32  3:28  Barracks Reactor  
  32  3:29  SCV  
  33  3:40  SCV  
  34  3:46  Engineering Bay  
  34  4:02  Siege Tank  
  37  4:14  Missile Turret  
  37  4:21  Missile Turret  
  37  4:27  Viking  
  37  4:28  Viking  
  41  4:34  Barracks Reactor  
  41  4:42  Refinery  
  41  4:45  Orbital Command  
  38  5:11  Viking  
  38  5:12  Viking  
  42  5:32  Marine x2  
  44  5:41  Viking  
  44  5:42  Viking  
  48  5:43  SCV  
  48  5:47  Barracks  
  49  5:53  Siege Tank  
  49  5:55  SCV  
  53  6:02  Supply Depot  
  53  6:07  SCV  
  54  6:23  SCV  
  54  6:24  Viking  
  54  6:25  Viking, Supply Depot  
  59  6:35  SCV  
  59  6:37  Marine x2  
  62  6:45  Barracks Reactor  
  62  6:47  SCV  
  62  6:48  Supply Depot  
  63  6:55  Refinery  
  63  6:59  SCV  
  63  7:00  Viking x2  
  68  7:11  Supply Depot  
  68  7:17  Command Center  
  68  7:24  Marine x2  
  68  7:25  Marine x2  
  72  7:34  Supply Depot  
  72  7:41  Marine  
  72  7:42  Marine  
  72  7:43  Marine x2  
  76  7:59  Marine  
  77  8:12  Viking x2  
  79  8:14  Siege Tank  
  79  8:15  Marine  
  79  8:16  Marine  
  79  8:17  Marine x2  
  88  8:33  SCV, Marine  
  90  8:34  Marine x2  
  90  8:35  Marine  
  93  8:45  SCV, Supply Depot  
  93  8:46  Siege Tank  
  97  8:51  Marine  
  97  8:52  Marine x2  
  97  8:53  Marine  
  101  8:57  SCV  
  102  9:09  Marine, Supply Depot  
  103  9:10  Marine x2  
  103  9:11  Marine  
  103  9:14  Liberator x2  
  106  9:32  Marine  
  106  9:33  Marine, Supply Depot  
  106  9:36  Siege Tank  
  106  9:38  Marine x2  
  118  9:43  SCV  
  120  9:50  Marine x2  
  122  9:55  SCV, Supply Depot  
  122  9:56  Marine x2  
  122  9:58  Orbital Command  
  125  10:08  SCV, Marine x2, Siege Tank  
  125  10:13  Marine  
  125  10:14  Marine  
  132  10:20  SCV  
  132  10:21  Missile Turret  
  134  10:26  Marine x2  
  136  10:31  Marine  
  136  10:32  SCV, Marine  
  113  11:14  Marine x2  
  113  11:15  Marine  
  113  11:16  Marine  
  117  11:18  Viking x2  
  117  11:20  Siege Tank  
  116  11:31  Marine x2  
  118  11:33  Marine x2  
  83  11:48  Viking x2  
  83  11:49  Marine x2  
  83  11:51  Marine x2  
  83  11:53  Siege Tank  
  89  12:07  Marine x2  
  88  12:09  Marine x2  
  69  12:43  Marine  
  66  12:44  Marine  
  66  12:45  Marine  
  66  12:46  Marine  
  66  12:50  Siege Tank  
  75  13:01  Marine  
  75  13:02  Marine  
  75  13:03  Marine x2  
  78  13:15  Starport  
  74  13:21  Starport  
  74  13:25  Factory  
  77  13:27  Factory  
Show
View Real Time Build Order
Export as new Build Order

TimeTwist Terran 

Build Orders:  

Get SALT Encoding   

  12  0:00  SCV  
  13  0:17  SCV  
  13  0:18  Supply Depot  
  14  0:30  SCV  
  15  0:41  Barracks  
  15  0:42  SCV  
  16  0:46  Refinery  
  16  0:54  SCV  
  17  1:06  SCV  
  18  1:18  SCV  
  19  1:22  Supply Depot  
  19  1:29  Marine  
  19  1:31  Orbital Command  
  20  1:47  Factory  
  20  1:52  Marine  
  21  1:56  SCV  
  22  2:16  Command Center  
  22  2:20  SCV, Marine  
  24  2:31  Starport  
  24  2:37  SCV  
  24  2:38  Refinery, Marine  
  24  2:42  Factory Reactor  
  26  2:49  SCV  
  27  3:01  SCV  
  27  3:02  Marine  
  29  3:08  Barracks  
  29  3:09  Barracks  
  29  3:13  Medivac  
  31  3:23  Supply Depot  
  31  3:27  Widow Mine x2  
  31  3:28  SCV  
  31  3:31  Marine  
  37  3:40  SCV  
  38  3:44  Orbital Command  
  38  3:52  SCV  
  39  3:56  Widow Mine x2  
  43  4:03  Barracks Tech Lab  
  43  4:04  Barracks Tech Lab  
  43  4:05  SCV  
  44  4:10  Barracks  
  44  4:20  Orbital Command  
  44  4:32  Marauder x2, Marine  
  44  4:33  Combat Shields  
  49  4:57  SCV  
  50  5:04  Engineering Bay  
  50  5:09  SCV  
  50  5:12  Barracks Tech Lab  
  47  5:14  Marine  
  47  5:15  Reaper  
  49  5:23  SCV  
  50  5:30  Refinery  
  50  5:31  Refinery  
  50  5:35  SCV  
  53  5:36  Siege Tank  
  54  5:43  Factory  
  54  5:44  Command Center  
  54  5:50  Terran Infantry Weapons Level 1  
  54  5:51  Engineering Bay  
  54  6:02  Missile Turret  
  54  6:04  Supply Depot  
  54  6:12  Marine  
  54  6:13  Marauder x2, SCV x2  
  54  6:15  Missile Turret  
  61  6:25  SCV  
  61  6:35  Siege Tank  
  61  6:36  Factory Tech Lab  
  66  6:40  Marauder, Marine  
  66  6:44  SCV  
  66  6:45  SCV  
  69  6:55  Supply Depot  
  69  6:56  Medivac  
  69  6:57  SCV  
  69  7:00  Supply Depot  
  72  7:04  Missile Turret  
  72  7:05  Orbital Command  
  72  7:13  SCV x2  
  74  7:25  SCV  
  74  7:26  SCV  
  76  7:30  Siege Tank  
  76  7:33  Marauder x2, Marine x2  
  76  8:15  SCV  
  77  8:21  Marauder x2, Marine x2  
  77  8:25  Barracks  
  83  8:27  SCV  
  83  8:29  Supply Depot  
  83  8:30  Barracks  
  83  8:31  SCV x2  
  83  8:32  Supply Depot  
  86  8:35  Refinery  
  86  8:36  Refinery  
  86  8:39  Marine x2, Supply Depot  
  86  8:40  SCV  
  89  8:43  SCV x2  
  89  8:48  Medivac x2  
  95  8:50  Marauder x2  
  95  8:52  SCV  
  95  8:54  Terran Infantry Armor Level 1  
  95  8:55  SCV x2  
  102  9:04  Supply Depot  
  102  9:07  Armory  
  102  9:19  Factory  
  98  9:35  Marine  
  98  9:36  Marauder x2, Marine  
  98  9:38  Siege Tank  
  107  9:41  Medivac x2  
  107  9:43  SCV x2  
  113  9:49  Supply Depot  
  113  9:50  Barracks Tech Lab  
  113  9:51  Barracks Tech Lab  
  113  9:52  Supply Depot  
  113  9:53  Marine  
  113  9:56  Barracks  
  114  10:00  Supply Depot  
  114  10:02  SCV  
  115  10:12  SCV  
  115  10:13  SCV  
  118  10:14  SCV  
  118  10:18  Stimpack  
  118  10:19  Concussive Shells  
  118  10:22  Command Center, Supply Depot  
  118  10:24  SCV  
  118  10:25  SCV  
  118  10:26  SCV  
  118  10:27  Siege Tank x2  
  127  10:29  Terran Infantry Weapons Level 2  
  127  10:32  Marauder  
  127  10:33  Marauder  
  131  10:36  Marauder  
  131  10:38  Marauder  
  135  10:44  Viking x2  
  115  11:09  Reaper  
  115  11:10  Marauder x4, Marine x2  
  70  11:28  Marine x2  
  70  11:31  Marine  
  70  11:32  Marauder x3, Cyclone x2  
  79  11:41  Marine  
  79  11:46  Marine x2  
  67  11:49  Marauder  
  67  11:53  Marauder x2, Marine  
  67  11:59  Marine  
  65  12:03  Widow Mine  
  65  12:04  Marine, Cyclone  
  66  12:10  Factory, Marine x2  
  66  12:14  Marauder, Marine  
  68  12:16  Marine  
  68  12:21  Marine  
  63  12:28  Marauder  
  62  12:32  Widow Mine  
  62  12:36  Cyclone  
  52  12:49  Marauder x2, Marine x3  
  53  13:07  Marine  
  53  13:08  Marauder  
Tags
 
League
Platinum
Matchup
TvT
Race
Terran
Spawn Locations
Close Positions
Add a new tag
Caveats
  • Supply blocks, unpowered buildings, or Contaminate may cause inaccurate times.
  • Supply counts are checked every 10 seconds.